 Dungeon Crawl Stone Soup version 0.20.1-1-g8b1a95d (webtiles) character file.

53 gobwax the Bolt Thrower (level 3, -1/17 HPs)
             Began as a Vine Stalker Arcane Marksman on Aug 24, 2017.
             Killed from afar by an orc wizard (6 damage)
             ... with a magic dart
             ... on level 3 of the Dungeon.
             The game lasted 00:04:05 (1667 turns).

gobwax the Bolt Thrower (VSAM)                      Turns: 1667, Time: 00:04:06

Health: -1/17      AC:  3    Str: 12    XL:     3   Next: 87%
Magic:  0/5        EV: 12    Int: 13    God:
Gold:   27         SH:  0    Dex: 15    Spells: 0/4 levels left

rFire    . . .     SeeInvis .   l - +1 dagger (venom)
rCold    . . .     Gourm    .   (no shield)
rNeg     . . .     Faith    .   e - +0 robe
rPois    .         Spirit   +   o - +0 helmet
rElec    .         Reflect  .   (no cloak)
rCorr    .         Harm     .   (no gloves)
MR       .....                  (no boots)
Stlth    +.........             (no amulet)
Regen    0.1/turn               (no ring)
MPRegen  0.1/turn               (no ring)

@: no status effects
A: fangs 2, magic shield, antimagic bite, no potion heal 3, rot immunity
a: no special abilities


You were on level 3 of the Dungeon.
You were not hungry.

You visited 1 branch of the dungeon, and saw 3 of its levels.

You collected 27 gold pieces.

Inventory:

Hand Weapons
 a - a +0 hand crossbow
 l - a +1 dagger of venom (weapon)
Missiles
 d - 5 bolts
Armour
 e - a +0 robe (worn)
 o - a +0 helmet (worn)
Wands
 q - a wand of iceblast (5/15)
Scrolls
 b - a scroll of blinking {unknown}
 h - a scroll of identify {unknown}
 i - a scroll of teleportation {unknown}
 j - a scroll of immolation {unknown}
 n - 4 scrolls of magic mapping {unknown}
Potions
 g - a potion of agility {unknown}
 m - a potion of heal wounds {unknown}
 p - a potion of might {unknown}
Books
 c - a book of Debilitation

   Spells                             Type                      Level
   a - Corona                         Hexes                        1
   b - Slow                           Hexes                        2
   c - Inner Flame                    Hexes/Fire                   3
   d - Portal Projectile              Hexes/Translocation          3
   e - Cause Fear                     Hexes                        4
   f - Leda's Liquefaction            Hexes/Earth                  4
Comestibles
 f - a bread ration
 k - a royal jelly
 r - a meat ration
 s - a chunk of flesh


   Skills:
 - Level 0.8 Fighting
 * Level 3.6 Crossbows
 - Level 1.5 Dodging
 - Level 1.1 Spellcasting
 - Level 3.0 Hexes


You couldn't memorise any spells.
You knew the following spells:

 Your Spells              Type           Power        Failure   Level  Hunger
a - Corona                Hex            #......      9%          1    ##.....
b - Inner Flame           Hex/Fire       #.......     41%         3    ####...


Dungeon Overview and Level Annotations

Branches:
Dungeon (3/15)

Altars:
Qazlal
Trog

Annotations:
D:3 Sigmund; gobwax's ghost, amateur OpEE


Innate Abilities, Weirdness & Mutations

You have extremely sharp teeth.
When hurt, damage is shared between your health and your magic reserves.
Your bite disrupts and absorbs the magic of your enemies.
Potions cannot restore your health.
You are immune to rotting.


Message History

Found 10 stones.
The orc wizard points at you and mumbles some strange words.
You resist with some effort.
Gobwax's ghost (amateur Octopode Earth Elementalist) comes into view.
It is wielding a weapon of freezing.
The orc wizard gestures at you while chanting.
The magic dart hits you!
* * * LOW HITPOINT WARNING * * *
Found a stone staircase leading down.
The orc wizard mumbles some strange words.
The orc wizard blinks!
Gobwax's ghost turns its malevolent gaze towards you.
The orc wizard mumbles some strange words.
The orc wizard seems to speed up.
Found a scroll labeled CIOT QYXYEWOD.
The orc wizard gestures at you while chanting.
You resist with some effort.
Found 26 stones.
The orc wizard gestures at you while chanting.
The magic dart hits you!
You die...

# #### # .... # .....
####### # ......
#########....... #
......##............... #
.......................##
...(..........h..........
.....W##@..............o#
?..... #..............=
..... #.........?.#..# .
###.# #.....o..##.......
#. #......... ##.##.. #
##>######. .... (# ..#..
## ....$


You could see an orc wizard and a jackal.

Vanquished Creatures
  An ooze (D:2)
  3 worms (D:2)
  A dart slug (D:2)
  2 leopard geckos
  A giant cockroach (D:2)
  3 goblins
  6 hobgoblins
  3 jackals (D:3)
  6 bats
  2 frilled lizards (D:1)
  3 kobolds
  4 rats
35 creatures vanquished.

Notes
Turn   | Place    | Note
-------+----------+-------------------------------------------
     0 | D:1      | gobwax the Vine Stalker Arcane Marksman began the quest for the Orb.
     0 | D:1      | Reached XP level 1. HP: 9/9 MP: 3/3
   297 | D:1      | Reached XP level 2. HP: 12/14 MP: 4/4
   894 | D:2      | Reached XP level 3. HP: 15/17 MP: 5/5
   908 | D:2      | Learned a level 3 spell: Inner Flame
  1045 | D:2      | Found a stormy altar of Qazlal.
  1046 | D:2      | Found a bloodstained altar of Trog.
  1640 | D:3      | Noticed Sigmund
  1663 | D:3      | Noticed gobwax's ghost (amateur OpEE)
  1667 | D:3      | Killed from afar by an orc wizard

Skill      XL: |  1  2 |
---------------+-------+-----
Crossbows      | 2 3 |  3.6
Fighting       | |  0.8
Dodging        | |  1.5
Spellcasting   | |  1.1
Hexes          | |  3.0

Action                   || total
-------------------------++-------
Melee: Dagger            ||    29
       Bite              ||     5
 Fire: Hand crossbow     ||    76
 Cast: Corona            ||     3
  Eat: Chunk             ||     2
Armor: Robe              ||    29
Dodge: Dodged            ||    63
